cohdb
Replays
Latest Replays
All Replays
Popular Replays
Top Player Replays
Match Explorer
How It Works
Community
CoH3 Stats
Reddit
Sign in to upload your games and track your stats! →
Sign in with Steam
Match 20774047
Unlisted
Match 20774047
Overview
Messages
Build Orders
End
Kettenkrad Recon Vehicle
Construct Infanterie Kompanie
Grenadier Squad
Grenadier Squad
Construct Panzergrenadier Kompanie
Selects Mechanized Battlegroup
Panzergrenadier Squad
251 Medium Carrier
Selects Raid Package
Panzergrenadier Squad
Selects 8 Rad Armored Car
8 Rad Armored Car
Pak 40 Anti-tank Gun Team
8 Rad Armored Car
Selects Mobile Repair Stations
Construct Panzer Kompanie
Kresnik
Phil
メCrazy_Zaytsev
~TAB~ Event Horizon
0
0
Comments
sign in to comment!
No comments posted yet!